 Dungeon Crawl Stone Soup version 0.19-b1-3-g7dea586 (webtiles) character file.

68 tyranidshit the Skirmisher (level 4, 0/38 HPs)
             Began as a Demonspawn Abyssal Knight on Oct 29, 2016.
             Was a Believer of Lugonu.
             Slain by a wyvern (11 damage)
             ... on level 3 of the Dungeon.
             The game lasted 00:05:35 (1853 turns).

tyranidshit the Skirmisher (DsAK)                   Turns: 1853, Time: 00:05:37

Health: 0/38       AC: 10    Str: 13    XL:     4   Next: 1%
Magic:  5/5        EV:  3    Int: 14    God:    Lugonu [**....]
Gold:   119        SH:  0    Dex: 12    Spells: 0 memorised, 3 levels left

rFire  . . .     SeeInvis .     e - +2 great sword (vamp)
rCold  . . .     Gourm    .     f - +0 plate armour
rNeg   . . .     Faith    .     (shield currently unavailable)
rPois  +         Spirit   .     (no helmet)
rElec  .         Reflect  .     (no cloak)
rCorr  .         Harm     .     (no gloves)
MR     .....                    (no boots)
Stlth  ..........               (no amulet)
                                j - ring of poison resistance
                                i - ring of wizardry

@: no status effects
A: talons 1
a: Depart the Abyss, Bend Space, Renounce Religion


You were on level 3 of the Dungeon.
You worshipped Lugonu.
Lugonu was pleased with you.
You were not hungry.

You visited 1 branch of the dungeon, and saw 3 of its levels.
You visited the Abyss 1 time.

You collected 119 gold pieces.

Inventory:

Hand Weapons
 a - a +1 hand axe
 e - a +2 vampiric great sword (weapon)
Missiles
 d - 11 tomahawks (quivered)
Armour
 b - a +0 leather armour
 f - a +0 plate armour (worn)
 k - a +0 scale mail
Jewellery
 h - an uncursed ring of magical power
 i - a ring of wizardry (left hand)
 j - a ring of poison resistance (right hand)
Scrolls
 n - 2 scrolls of remove curse
 r - a scroll of identify
Potions
 l - 3 potions of agility
 m - a potion of haste
Comestibles
 c - a meat ration
 g - a beef jerky
 o - 3 chunks of flesh
 p - a bread ration


   Skills:
 + Level 4.7 Fighting
 - Level 2.0 Axes
 - Level 1.9 Armour
 - Level 0.8 Dodging
 - Level 2.4 Invocations


You had 3 spell levels left.
You didn't know any spells.

Dungeon Overview and Level Annotations

Branches:
Dungeon (3/15)

Altars:
Dithmenos
Okawaru
Xom


Innate Abilities, Weirdness & Mutations

You have sharp toenails.


Message History

A rat comes into view.
The rat bites you but does no damage.
You slash the rat!
You kill the rat!
Lugonu accepts your kill.
No target in view!
No target in view!
The wyvern hisses angrily.
Found an escape hatch in the ceiling.
Your plate armour prevents you from hitting the wyvern.
You claw the wyvern, but do no damage.
The wyvern bites you but does no damage.
The wyvern bites you! The wyvern bites you.
You hit the wyvern.
You feel better.
You claw the wyvern, but do no damage.
The wyvern is lightly wounded.
The wyvern bites you but does no damage.
The wyvern bites you!
* * * LOW HITPOINT WARNING * * *
The wyvern bites you!
You die...

### ## .. .# . #.. .#
#.#.. ##.##
.......... ##
#...#..# .## #...l..#
## .#. ..# #@###
...... ..# #<..#
#..... .# ###.#
#.#.#. ## # #.#
#....> #.###.###.#
#..... #.........#
#..... ###
####...#########.....
..+
+....................
###
###....###.#####.....


You could see a wyvern.

Vanquished Creatures
  An adder (D:2)
  An ooze (D:2)
  3 worms
  2 leopard geckos
  2 ball pythons
  2 giant cockroaches
  5 goblins
  5 hobgoblins
  5 jackals
  4 kobolds
  6 bats
  A frilled lizard (D:2)
  5 rats
42 creatures vanquished.

Notes
Turn   | Place    | Note
-------+----------+-------------------------------------------
     0 | Abyss:1  | tyranidshit the Demonspawn Abyssal Knight began the quest for the Orb.
     0 | Abyss:1  | Reached XP level 1. HP: 18/18 MP: 2/2
    42 | Abyss:3  | Found a corrupted altar of Lugonu.
    53 | Abyss:3  | Noticed a thrashing horror
    54 | Abyss:3  | Noticed a thrashing horror
    56 | D:1      | Escaped the Abyss
   682 | D:1      | Reached * piety under Lugonu
   682 | D:1      | Gained mutation: You have sharp toenails. [demonic ancestry]
   682 | D:1      | Reached XP level 2. HP: 24/24 MP: 3/3
  1126 | D:2      | Reached skill level 4 in Fighting
  1126 | D:2      | Reached XP level 3. HP: 30/30 MP: 4/4
  1180 | D:2      | Found a faded altar of an unknown god.
  1302 | D:2      | Found an iron altar of Okawaru.
  1348 | D:2      | Reached ** piety under Lugonu
  1643 | D:3      | Noticed a wyvern
  1757 | D:3      | Found a shimmering altar of Xom.
  1757 | D:3      | Found a shadowy altar of Dithmenos.
  1826 | D:3      | Reached XP level 4. HP: 37/38 MP: 5/5
  1853 | D:3      | Slain by a wyvern

Skill      XL: |  1  2 |
---------------+-------+-----
Axes           | 2 |  2.0
Fighting       | 4 |  4.7
Armour         | |  1.9
Dodging        | |  0.8
Invocations    | |  2.4

Action                   |  1- 3 |  4- 6 || total
-------------------------+-------+-------++-------
Melee: Great sword       |   179 |     3 ||   182
       Kick              |    36 |     2 ||    38
Invok: Depart the Abyss  |     1 |       ||     1
  Use: Scroll            |     6 |       ||     6
       Potion            |     5 |       ||     5
  Eat: Bread ration      |     1 |       ||     1
       Chunk             |     3 |       ||     3
       Meat ration       |     1 |       ||     1
Armor: Plate armour      |   241 |     3 ||   244
       Leather armour    |     1 |       ||     1
       Skin              |    33 |       ||    33
Dodge: Dodged            |    58 |       ||    58
       Rpst.: Great sword |    19 |       ||    19
